 Dungeon Crawl Stone Soup version 0.28-a0-1506-g3893175d92 (webtiles) character file.

Game seed: 14720632184954688239

2851 parzival7114810 the Cleaver (level 9, -2/70 HPs)
             Began as a Hill Orc Fighter on Jan 13, 2022.
             Was a Follower of Beogh.
             Engulfed by a steam dragon's steam (8 damage)
             ... on level 7 of the Dungeon.
             The game lasted 00:29:37 (9641 turns).

parzival7114810 the Cleaver (Hill Orc Fighter)      Turns: 9641, Time: 00:29:37

Health: -2/70      AC: 17    Str: 23    XL:     9   Next: 74%
Magic:  9/9        EV:  7    Int: 10    God:    Beogh [*.....]
Gold:   322        SH:  0    Dex: 10    Spells: 8/8 levels left

rFire   . . .      SeeInvis .   a - +1 war axe
rCold   . . .      Faith    .   c - +0 buckler
rNeg    . . .      Spirit   .   y - +1 plate armour
rPois   .          Reflect  .   p - +0 helmet
rElec   .          Harm     .   A - +0 cloak
rCorr   .          Rampage  .   (no gloves)
Will    .....                   (no boots)
Stlth   ..........              (no amulet)
HPRegen 0.21/turn               (no ring)
MPRegen 0.11/turn               (no ring)

@: confused, ambrosia-drunk
A: clever 1, frail 1
a: Renounce Religion


You were on level 7 of the Dungeon.
You worshipped Beogh.
Beogh was aware of your devotion.
You visited 1 branch of the dungeon, and saw 7 of its levels.

You collected 322 gold pieces.

Inventory:

Hand Weapons
 a - a +1 war axe (weapon)
Armour
 b - a +1 scale mail
 c - a +0 buckler (worn)
 p - a +0 helmet (worn)
 q - a +0 cloak
 t - a +0 chain mail
 y - a +1 plate armour (worn)
 A - a +0 cloak (worn)
 C - a +0 helmet
Jewellery
 x - the ring "Seixziju" {rF+ rN++ EV+4}
   (You found it on level 6 of the Dungeon)

   [ring of evasion]

   EV:        It affects your evasion (+4).
   rF:        It protects you from fire.
   rN:        It greatly protects you from negative energy.
Wands
 k - a wand of polymorph (5)
 D - a wand of paralysis (7)
Scrolls
 i - a scroll of immolation
 l - 7 scrolls of identify
 u - 2 scrolls of magic mapping
Potions
 d - a potion of might
 e - a potion of flight
 n - a potion of magic
 o - a potion of attraction
 w - a potion of brilliance


   Skills:
 + Level 6.9 Fighting
 + Level 11.4 Axes
 + Level 8.1 Armour
 + Level 1.7 Dodging
 + Level 0.5 Stealth
 + Level 5.5 Shields
 + Level 1.6 Evocations


You had 8 spell levels left.
You didn't know any spells.
Your spell library contained the following spells:

 Spells                   Type           Power      Damage    Failure   Level
 Animate Skeleton         Necr           0%         N/A       100%        1
 Apportation              Tloc           0%         N/A       100%        1
 Summon Small Mammal      Summ           0%         N/A       100%        1
 Corpse Rot               Necr/Air       0%         N/A       100%        2
 Ensorcelled Hibernation  Hex/Ice        0%         N/A       100%        2
 Spider Form              Tmut/Pois      0%         N/A       100%        3
 Anguish                  Hex/Necr       0%         N/A       100%        4
 Dispel Undead            Necr           0%         3d6       100%        4
 Death Channel            Necr           0%         N/A       100%        6


Dungeon Overview and Level Annotations

Branches:
Dungeon (7/15)             Temple (0/1) D:6

Altars:
Ashenzari
Nemelex Xobeh
Uskayaw
Xom
The Shining One

Shops:
D:3 :   D:4 *


Innate Abilities, Weirdness & Mutations

Your mind is acute. (Int +2)
You are frail. (-10% HP)


Message History

Aiming: Corrosive Bolt
Press: ? - help, Q - select action, (/) - cycle Shift-Dir - straight line The now-empty wand crumbles to dust.
The centaur shoots an arrow.
The arrow hits you but does no damage.
A centaur is nearby!
Aiming: Polymorph
Press: ? - help, Q - select action, (/) - cycle Shift-Dir - straight line, f - centaur
Aim: a centaur, wielding a +0 shortbow and quivering arrows (will become a wolf, a swamp drake, or a steam dragon, chance to affect: 52%)
The centaur evaporates and reforms as a steam dragon!
The steam dragon breathes steam at you. The ball of steam hits you!
Aiming: Polymorph
Press: ? - help, Q - select action, (/) - cycle Shift-Dir - straight line, f/p - steam dragon
Aim: a steam dragon (catching its breath, will become a swamp drake, a fire bat, or a wyvern, chance to affect: 52%)
The steam dragon resists with significant effort.
You are engulfed in a cloud of scalding steam.
You closely miss the steam dragon. The steam dragon bites you.
* * * LOW HITPOINT WARNING * * *
You block the steam dragon's attack. The steam dragon breathes steam at you.
The ball of steam hits you!
* * * LOW HITPOINT WARNING * * *
You are confused.
You feel invigorated.
You are engulfed in a cloud of scalding steam.
* * * LOW HITPOINT WARNING * * *
Unknown command.
Unknown command.
You are too confused!
You are too confused!
You miss the steam dragon.
You are engulfed in a cloud of scalding steam.
* * * LOW HITPOINT WARNING * * *
The steam dragon bites you.
* * * LOW HITPOINT WARNING * * *
The steam dragon claws you.
* * * LOW HITPOINT WARNING * * *
You closely miss the steam dragon.
You are engulfed in a cloud of scalding steam.
You die...

#.#........#
***********
#.#........######
#........,,
#...............#
#........,,
###........####.#
#........,,
#........# #.#
#........,,
########## #§#
#...c....,, #.#
#........,, #§#
####........,,
#@#
#...........,,
#D#
#c##..).....,,
#.#
#.##........,,
#.#
#.##########**
#)###.# #...c.#
#######


You could see a steam dragon.

Vanquished Creatures
  Pikel (D:7)
  A hornet (D:7)
  Grinder (D:3)
  A steam dragon (D:7)
  A black bear (D:7)
  A phantom (D:5)
  2 kobold brigands
  A bullfrog (D:7)
  A scorpion (D:7)
  A vampire bat (D:4)
  3 wights (D:6)
  3 hounds
  A jelly (D:3)
  3 orc priests
  Jessica (D:3)
  3 bullfrog skeletons
  2 iguanas
  2 orc wizards (D:6)
  A hound skeleton (D:5)
  3 gnolls (D:4)
  A howler monkey zombie (D:6)
  8 adders
  A white imp (D:6)
  An adder skeleton (D:4)
  A worm (D:7)
  2 dart slugs
  3 fire bats (D:4)
  10 orcs
  2 spectral bats (D:4)
  2 ball pythons
  16 bats
  3 bat skeletons (D:4)
  A bat zombie (D:4)
  9 endoplasms
  3 giant cockroaches
  6 goblins
  11 hobgoblins
  8 kobolds
  4 quokkas
  A bat simulacrum (D:4)
  5 frilled lizards
  3 rats
134 creatures vanquished.

Vanquished Creatures (collateral kills)
  A two-headed ogre (D:7)
  4 goblins (D:7)
5 creatures vanquished.

Vanquished Creatures (others)
  An orc wizard (D:7)
  3 plants (D:2)
4 creatures vanquished.

Grand Total: 143 creatures vanquished

Notes
Turn   | Place    | Note
-------+----------+-------------------------------------------
     0 | D:1      | parzival7114810 the Hill Orc Fighter began the quest for
                  | the Orb.
     0 | D:1      | Reached XP level 1. HP: 19/19 MP: 1/1
   383 | D:1      | Reached XP level 2. HP: 27/27 MP: 2/2
   492 | D:1      | Reached skill level 3 in Axes
  1131 | D:1      | Reached XP level 3. HP: 21/33 MP: 3/3
  2169 | D:2      | Reached XP level 4. HP: 29/40 MP: 4/4
  2671 | D:3      | Noticed Jessica
  2686 | D:3      | Killed Jessica
  2687 | D:3      | Reached skill level 4 in Axes
  2999 | D:3      | Noticed Grinder
  3005 | D:3      | Paralysed by Grinder for 3 turns
  3011 | D:3      | Killed Grinder
  3012 | D:3      | Reached skill level 5 in Axes
  3012 | D:3      | Reached XP level 5. HP: 43/47 MP: 5/5
  3012 | D:3      | Reached XP level 6. HP: 48/53 MP: 6/6
  3193 | D:3      | Reached skill level 5 in Armour
  3784 | D:3      | Reached skill level 6 in Axes
  3924 | D:3      | Found Luelom's Book Boutique.
  4105 | D:4      | Found Mutze's Assorted Antiques.
  4164 | D:4      | Reached skill level 1 in Dodging
  4358 | D:4      | Found a sparkling altar of Nemelex Xobeh.
  4860 | D:4      | Reached XP level 7. HP: 60/60 MP: 7/7
  5060 | D:4      | Found a broken altar of Ashenzari.
  5088 | D:4      | Found a hide-covered altar of Uskayaw.
  5700 | D:5      | Entered Level 5 of the Dungeon
  5946 | D:5      | Reached skill level 7 in Axes
  6218 | D:5      | Found a glowing golden altar of the Shining One.
  6378 | D:5      | Reached skill level 5 in Fighting
  6931 | D:6      | Found a shimmering altar of Xom.
  6948 | D:6      | Reached skill level 5 in Shields
  6959 | D:6      | Found a staircase to the Ecumenical Temple.
  7052 | D:6      | Reached XP level 8. HP: 60/68 MP: 8/8
  7262 | D:6      | Identified the ring "Seixziju" {rF+ rN++ EV+4}
  7281 | D:6      | Reached skill level 8 in Axes
  7487 | D:6      | Became a worshipper of Beogh the Brigand
  8398 | D:7      | Gained mutation: You are frail. (-10% HP) [potion of
                  | mutation]
  8398 | D:7      | Gained mutation: Your mind is acute. (Int +2) [potion of
                  | mutation]
  8600 | D:7      | Reached skill level 9 in Axes
  8611 | D:7      | Found a flagged portal.
  8612 | D:7      | Noticed a two-headed ogre
  8627 | D:7      | Killed a two-headed ogre
  8627 | D:7      | Reached * piety under Beogh
  8628 | D:7      | Reached skill level 10 in Axes
  8628 | D:7      | Reached skill level 1 in Evocations
  8628 | D:7      | Reached XP level 9. HP: 40/69 MP: 9/9
  8839 | D:7      | Noticed a hornet
  8846 | D:7      | Paralysed by a hornet for 2 turns
  8855 | D:7      | Identified the +10 long sword of the Blessed Realm {vamp,
                  | Dex+2}
  8859 | D:7      | Killed a hornet
  9517 | D:7      | Reached skill level 11 in Axes
  9565 | D:7      | Noticed Pikel
  9595 | D:7      | Killed Pikel
  9641 | D:7      | Engulfed by a steam dragon's steam

Illustrated notes

Levels and vault maps discovered:
D:1:      scummos_arrival_gate, layout_loops_corners, grunt_decor_fettered
D:2:      cheibrodos_old_hovel, layout_loops_cross,
          amcnicky_mini_rare_corridor_liquid
D:3:      layout_basic, serial_shops, shop, grunt_ministairs_14,
          chequers_garden, chequers_jeans, minmay_crystal_water, uniq_grinder,
          uniq_jessica
D:4:      layout_loops_ring, mainiacjoe_overflow_large_starburst,
          mainiacjoe_overflow_alcove_1, serial_shops,
          nicolae_shop_hallway_stairs, goddamned_bats
D:5:      layout_basic, nicolae_tso_swordbearing_angel
D:6:      layout_loops_ring, mainiacjoe_overflow_paths, temple_statues,
          minmay_misc_feat_rugged, nrook_campfire,
          nicolae_concentric_dashed_squares_mild
D:7:      layout_basic, enter_bailey_5, uniq_pikel

Skill      XL: |  1  2  3  4  5  6  7  8  9 |
---------------+----------------------------+-----
Axes           | 3 5 6 7 10 11 | 11.4
Fighting       | 4 5 6 |  6.9
Armour         | 4 5 7 8 |  8.1
Shields        | 4 5 |  5.5
Dodging        | 1 |  1.7
Evocations     | 1 |  1.6
Stealth        | |  0.5

Action                   |  1- 3 |  4- 6 |  7- 9 || total
-------------------------+-------+-------+-------++-------
Melee: War axe           |   114 |    91 |   232 ||   437
Invok: Convert to Beogh  |       |       |     1 ||     1
Evoke: Wand              |       |       |    17 ||    17
  Use: Scroll            |     4 |     4 |     4 ||    12
       Potion            |     3 |     2 |    13 ||    18
Armor: Scale mail        |    61 |   100 |    47 ||   208
       Chain mail        |       |       |    50 ||    50
       Plate armour      |       |       |    82 ||    82
Dodge: Dodged            |    62 |    93 |   116 ||   271
Block: Buckler           |    28 |    40 |    71 ||   139

Table legend: (Time is in decaauts)
 A = Elapsed time spent in this place.
 B = Non-inter-level travel time spent in this place.
 C = Inter-level travel time spent in this place.
 D = Time resting spent in this place.
 E = Time spent auto-exploring this place.
 F = Levels seen in this place.
 G = Mean time per level.
                   A        B        C        D        E       F      G
               +--------+--------+--------+--------+--------+-----+--------+
         Total |   9785 |   9357 |    428 |   2599 |   4541 |   7 | 1397.9 |
       Dungeon |   9785 |   9357 |    428 |   2599 |   4541 |   7 | 1397.9 |
               +--------+--------+--------+--------+--------+-----+--------+

Top non-repeatable levels by time:
     D:3: 1783 daAuts
     D:1: 1664 daAuts
     D:7: 1391 daAuts
     D:6: 1369 daAuts
     D:4: 1293 daAuts
     D:5: 1222 daAuts
     D:2: 1059 daAuts
